 Dungeon Crawl Stone Soup version 0.30-a0-241-g1121274140 (webtiles) character file.

Game seed: 4642563495082752315

97 gelatine the Firebug (level 4, -1/31 HPs)
             Began as a Demonspawn Fire Elementalist on Oct 10, 2022.
             Slain by Terence
             ... wielding a +0 falchion
              (5 damage)
             ... on level 3 of the Dungeon.
             The game lasted 00:07:27 (2440 turns).

gelatine the Firebug (Demonspawn Fire Elementalist) Turns: 2440, Time: 00:07:28

Health: -1/31      AC:  2    Str:  8    XL:     4   Next: 42%
Magic:  1/7        EV: 12    Int: 18    God:
Gold:   150        SH:  0    Dex: 16    Spells: 5/8 levels left

rFire   . . .      SeeInvis .    c - +0 short sword
rCold   . . .      Faith    .    (no shield)
rNeg    . . .      Spirit   .    a - +0 robe
rPois   .          Reflect  .    (helmet restricted)
rElec   .          Harm     .    (no cloak)
rCorr   .          Rampage  .    (no gloves)
Will    .....                    (no boots)
Stlth   +++.......               (no amulet)
HPRegen 0.25/turn                (no ring)
MPRegen 0.10/turn                (no ring)

@: no status effects
A: antennae 1, thin skeletal structure 1
a: no special abilities


You were on level 3 of the Dungeon.
You visited 1 branch of the dungeon, and saw 3 of its levels.

You collected 150 gold pieces.

Inventory:

Hand Weapons
 c - a +0 short sword (weapon)
Armour
 a - a +0 robe (worn)
Wands
 l - a wand of polymorph (10)
Scrolls
 e - a scroll of teleportation {unknown}
 f - 2 scrolls of identify {unknown}
 h - a scroll of amnesia {unknown}
 m - a scroll of fear {unknown}
Potions
 b - a potion of magic
 d - 3 potions of curing {unknown}
 g - a potion of cancellation {unknown}
 i - a potion of attraction {unknown}
 j - a potion of haste
 k - 2 potions of might {unknown}


   Skills:
 + Level 0.5 Fighting
 + Level 0.3 Short Blades
 + Level 1.9 Dodging
 + Level 2.3 Stealth
 + Level 2.6 Spellcasting
 + Level 2.2 Conjurations
 + Level 3.3 Fire Magic


You had 5 spell levels left.
You knew the following spells:

 Your Spells              Type           Power      Damage    Failure   Level
a - Foxfire               Conj/Fire      48%        2x1d6     5%          1
b - Scorch                Fire           28%        2d6       6%          2

Your spell library contained the following spells:

 Spells                   Type           Power      Damage    Failure   Level
 Static Discharge         Conj/Air       12%        2-3/arc   16%         2
 Inner Flame              Hex/Fire       8%         N/A       26%         3
 Kindle Blastsparks       Fire/Tloc/Air  12%        2d11      32%         3
 Vhi's Electric Charge    Tloc/Air       4%         N/A       45%         3
 Flame Wave               Conj/Fire      12%        2d6       47%         4
 Manifold Assault         Tloc           2%         N/A       86%         4
 Arcjolt                  Conj/Air       3%         1d13      96%         5
 Lightning Bolt           Conj/Air       3%         1d14      96%         5
 Dispersal                Tloc           1%         N/A       100%        6
 Disjunction              Tloc           1%         N/A       100%        8


Dungeon Overview and Level Annotations

Branches:
Dungeon (3/15)

Altars:

Shops:
D:1 [*:(   D:3 (

Annotations:
D:3 Terence


Innate Abilities, Weirdness & Mutations

You have a pair of small antennae on your head.
You have a somewhat thin skeletal structure. (Dex +2, Stealth+)


Message History

Terence is severely wounded.
Your foxfire dissipates!
Terence closely misses you.
Casting: Scorch (safe; 6% risk of failure)
Confirm with . or Enter, or press ? or * to list all spells.
You conjure some foxfire!
Terence closely misses you.
Casting: Foxfire (safe; 5% risk of failure)
Confirm with . or Enter, or press ? or * to list all spells.
You don't have enough magic to cast this spell.
Casting: Foxfire (safe; 5% risk of failure)
Confirm with . or Enter, or press ? or * to list all spells.
You don't know that spell.
You hit Terence but do no damage.
Terence is severely wounded.
The foxfire hits Terence but does no damage.
Terence is severely wounded.
Terence screams, "I'm going to kill you!"
Terence hits you with a +0 falchion!
You closely miss Terence.
Terence is severely wounded.
The foxfire hits the goblin.
You kill the goblin!
An endoplasm comes into view.
Terence completely misses you.
The endoplasm quivers.
You hit Terence.
Terence is almost dead.
Terence drinks a potion.
Terence seems to speed up.
You hit Terence but do no damage.
Terence is almost dead.
Terence hits you with a +0 falchion.
You hit Terence but do no damage.
Terence is almost dead.
Terence says, "Did you write a will?
You should..."
Terence closely misses you. Terence hits you with a +0 falchion!
* * * LOW HITPOINT WARNING * * *
You hit Terence but do no damage.
Terence is almost dead.
Terence hits you with a +0 falchion.
You die...

... ... ....
.)... #.....
###..J.. #
##...#####
##.@.......
###..#@...... #.
#...##.......
#.# ##.###
....... # ..
##..## .......
#####.####..##..
.......
....#.#....##..#
.......
..............#
####.##
##..#........##


You could see Terence (fast, combustible) and an endoplasm.

Vanquished Creatures
  3 adders
  3 worms
  2 dart slugs
  4 ball pythons
  3 endoplasms
  3 giant cockroaches
  7 goblins
  6 hobgoblins
  6 jackals
  4 kobolds
  A quokka (D:2)
  4 bats
  4 frilled lizards
  A rat (D:3)
51 creatures vanquished.

Vanquished Creatures (others)
  153 foxfires
153 creatures vanquished.

Grand Total: 204 creatures vanquished

Notes
Turn   | Place    | Note
-------+----------+-------------------------------------------
     0 | D:1      | gelatine the Demonspawn Fire Elementalist began the quest
                  | for the Orb.
     0 | D:1      | Reached XP level 1. HP: 13/13 MP: 3/3
    60 | D:1      | Found Zimofack's Antique Armour Boutique.
   131 | D:1      | Found Gyirimpo's General Store.
   229 | D:1      | Found Xecracaig's Book Shop.
   234 | D:1      | Reached skill level 3 in Fire Magic
   323 | D:1      | Gained mutation: You have a somewhat thin skeletal
                  | structure. (Dex +2, Stealth+) [demonic ancestry]
   323 | D:1      | Reached XP level 2. HP: 19/19 MP: 1/5
   409 | D:1      | Found Anokk's Weapon Shoppe.
   969 | D:2      | Reached XP level 3. HP: 21/24 MP: 1/6
  1389 | D:2      | Found a faded altar of an unknown god.
  1803 | D:2      | Learned a level 2 spell: Scorch
  2028 | D:3      | Gained mutation: You have a pair of small antennae on your
                  | head. [demonic ancestry]
  2028 | D:3      | Reached XP level 4. HP: 31/31 MP: 4/7
  2354 | D:3      | Found Ocookuma's Antique Weapon Boutique.
  2429 | D:3      | Noticed Terence
  2440 | D:3      | Slain by Terence

Illustrated notes

Levels and vault maps discovered:
D:1:      lemuel_arrival_lava_pool, layout_basic, serial_shops, shop,
          shop_statue, shop, nicolae_square_shop, minmay_surrounded
D:2:      layout_loops_ring, shapermc_ecumenical_altar_mp_highgroup,
          kennysheep_path_1
D:3:      layout_rooms, mainiacjoe_overflow_tiny_flanked, serial_shops, shop,
          hangedman_decor_points, chequers_hall_statues_y, uniq_terence

Skill      XL: |  1  2  3  4 |
---------------+-------------+-----
Fire Magic     | 3 |  3.3
Stealth        | 2 |  2.3
Conjurations   | 2 |  2.2
Fighting       | |  0.5
Short Blades   | |  0.3
Dodging        | |  1.9
Spellcasting   | |  2.6

Action                   |  1- 3 |  4- 6 || total
-------------------------+-------+-------++-------
Melee: Short sword       |    37 |     8 ||    45
       Punch             |     2 |       ||     2
 Cast: Foxfire           |    74 |    27 ||   101
       Scorch            |       |     2 ||     2
 Stab: Sleeping          |     1 |       ||     1
Armor: Robe              |    12 |       ||    12
Dodge: Dodged            |    25 |     5 ||    30

Table legend: (Time is in decaauts)
 A = Elapsed time spent in this place.
 B = Non-inter-level travel time spent in this place.
 C = Inter-level travel time spent in this place.
 D = Time resting spent in this place.
 E = Time spent auto-exploring this place.
 F = Levels seen in this place.
 G = Mean time per level.
                   A        B        C        D        E       F      G
               +--------+--------+--------+--------+--------+-----+--------+
         Total |   2439 |   2390 |     49 |      0 |   1998 |   3 |  813.0 |
       Dungeon |   2439 |   2390 |     49 |      0 |   1998 |   3 |  813.0 |
               +--------+--------+--------+--------+--------+-----+--------+

Top non-repeatable levels by time:
     D:2: 1086 daAuts
     D:1: 937 daAuts
     D:3: 414 daAuts
